| TOP OF THE 1ST |
|
Burlington Senators batting - Pitching for Winston-Salem Spirits : LHP Mike Foster
|
|
Pitching: LHP Mike Foster
|
|
|
Batting: RHB Raymond Bresnahan
|
0-0: Called Strike 0-1: Ball 1-1: Ball 2-1: Ground out 6-3 (Groundball, 6M, EV 97.5 MPH)
|
|
Batting: LHB Daniel Spain
|
0-0: Called Strike 0-1: Called Strike 0-2: Ground out 3-1 (Groundball, 34D, EV 81.9 MPH)
|
|
Batting: RHB Rick Schu
|
0-0: SINGLE (Line Drive, 89S, EV 98.8 MPH)
|
|
Batting: LHB John Skorochocki
|
0-0: Fly out, F8 (Flyball, 78D, EV 83.8 MPH)
|
| Top of the 1st over - 0 runs, 1 hit, 0 errors, 1 left on base; Burlington 0 - Winston-Salem 0 |
| BOTTOM OF THE 1ST |
|
Winston-Salem Spirits batting - Pitching for Burlington Senators : RHP Erik Hendricks
|
|
Pitching: RHP Erik Hendricks
|
|
|
Batting: SHB Mark Wiesler
|
0-0: SINGLE (Line Drive, 6M, EV 105.6 MPH)
|
|
Batting: RHB Larry Reasonover
|
0-0: Ball 1-0: Ball Mark Wiesler steals 2nd base 2-0: Foul Ball, location: 2F 2-1: Fly out, F4 (Popup, 4D, EV 51.3 MPH)
|
|
Batting: RHB Craig Robinson
|
0-0: Ball 1-0: Fly out, F8 (Flyball, 89D, EV 84.4 MPH) Runner from 2nd tags up, SAFE at 3rd, no throw by CF
|
|
Batting: RHB Elijah Ben
|
0-0: Called Strike 0-1: Ball 1-1: Ball 2-1: Swinging Strike 2-2: DOUBLE (Flyball, 8LXD, EV 112.5 MPH) Mark Wiesler scores
|
|
Batting: LHB Jerome Coleman
|
0-0: Ball 1-0: Ball 2-0: Called Strike 2-1: Fly out, F9 (Flyball, 89M, EV 84.4 MPH)
|
| Bottom of the 1st over - 1 run, 2 hits, 0 errors, 1 left on base; Burlington 0 - Winston-Salem 1 |
| TOP OF THE 2ND |
|
Burlington Senators batting - Pitching for Winston-Salem Spirits : LHP Mike Foster
|
|
Batting: RHB Joseph Lorenz
|
0-0: Ball 1-0: Called Strike 1-1: Fly out, F8 (Flyball, 8RXD, EV 90.0 MPH)
|
|
Batting: RHB Glenn Millhauser
|
0-0: Ball 1-0: Ball 2-0: Called Strike 2-1: Fly out, F8 (Line Drive, 8RM, EV 95.6 MPH)
|
|
Batting: LHB Jesus Sandoval
|
0-0: Ball 1-0: Fly out, F8 (Flyball, 8LD, EV 94.4 MPH)
|
| Top of the 2nd over - 0 runs, 0 hits, 0 errors, 0 left on base; Burlington 0 - Winston-Salem 1 |
| BOTTOM OF THE 2ND |
|
Winston-Salem Spirits batting - Pitching for Burlington Senators : RHP Erik Hendricks
|
|
Batting: RHB Greg Olson
|
0-0: Ball 1-0: Foul Ball, location: 2F 1-1: Ball 2-1: Fly out, F9 (Line Drive, 9, EV 85.6 MPH)
|
|
Batting: RHB Buddy Bailey
|
0-0: Swinging Strike 0-1: Ball 1-1: Ball 2-1: Ball 3-1: Base on Balls
|
|
Batting: RHB Ell Roberson
|
0-0: Ball 1-0: Swinging Strike 1-1: Swinging Strike 1-2: Strikes out swinging
|
|
Batting: RHB Kelly Miller
|
0-0: Ball 1-0: Foul Ball, location: 2F 1-1: Ball 2-1: Foul Ball, location: 2F 2-2: Ball 3-2: Reached on error, E4 (Groundball, 4, EV 100.6 MPH) Buddy Bailey to second
|
|
Batting: SHB Mark Wiesler
|
0-0: Swinging Strike 0-1: Swinging Strike 0-2: Strikes out swinging
|
| Bottom of the 2nd over - 0 runs, 0 hits, 1 error, 2 left on base; Burlington 0 - Winston-Salem 1 |
| TOP OF THE 3RD |
|
Burlington Senators batting - Pitching for Winston-Salem Spirits : LHP Mike Foster
|
|
Batting: RHB Ronnie Mears
|
0-0: Fly out, F9 (Line Drive, 9, EV 93.8 MPH)
|
|
Batting: RHB Brad Bauman
|
0-0: Ball 1-0: Foul Ball, location: 2F 1-1: Ball 2-1: Called Strike 2-2: Ball 3-2: Foul Ball, location: 2F 3-2: Ground out 6-3 (Groundball, 56D, EV 80.6 MPH)
|
|
Batting: RHB Raymond Bresnahan
|
0-0: Swinging Strike 0-1: Foul Ball, location: 2F 0-2: Strikes out looking
|
| Top of the 3rd over - 0 runs, 0 hits, 0 errors, 0 left on base; Burlington 0 - Winston-Salem 1 |
| BOTTOM OF THE 3RD |
|
Winston-Salem Spirits batting - Pitching for Burlington Senators : RHP Erik Hendricks
|
|
Batting: RHB Larry Reasonover
|
0-0: Ball 1-0: Called Strike 1-1: Swinging Strike 1-2: Strikes out swinging, 2-3 out at first.
|
|
Batting: RHB Craig Robinson
|
0-0: Ball 1-0: Ground out 6-3 (Groundball, 56, EV 101.3 MPH)
|
|
Batting: RHB Elijah Ben
|
0-0: Foul Ball, location: 2F 0-1: Ball 1-1: Fly out, F8 (Flyball, 8RS, EV 82.5 MPH)
|
| Bottom of the 3rd over - 0 runs, 0 hits, 0 errors, 0 left on base; Burlington 0 - Winston-Salem 1 |
| TOP OF THE 4TH |
|
Burlington Senators batting - Pitching for Winston-Salem Spirits : LHP Mike Foster
|
|
Batting: LHB Daniel Spain
|
0-0: Ground out 6-3 (Groundball, 6, EV 76.9 MPH)
|
|
Batting: RHB Rick Schu
|
0-0: Called Strike 0-1: Fly out, F8 (Flyball, 8LM, EV 95.6 MPH)
|
|
Batting: LHB John Skorochocki
|
0-0: Foul Ball, location: 2F 0-1: Swinging Strike 0-2: Ball 1-2: Strikes out swinging
|
| Top of the 4th over - 0 runs, 0 hits, 0 errors, 0 left on base; Burlington 0 - Winston-Salem 1 |
| BOTTOM OF THE 4TH |
|
Winston-Salem Spirits batting - Pitching for Burlington Senators : RHP Erik Hendricks
|
|
Batting: LHB Jerome Coleman
|
0-0: Ball 1-0: Called Strike 1-1: Swinging Strike 1-2: Ball 2-2: Ball 3-2: Foul Ball, location: 2F 3-2: Fly out, F8 (Flyball, 8RM, EV 93.8 MPH)
|
|
Batting: RHB Greg Olson
|
0-0: Called Strike 0-1: Ball 1-1: Ball 2-1: SINGLE (Groundball, 13S, EV 61.3 MPH) (infield hit)
|
|
Batting: RHB Buddy Bailey
|
0-0: Called Strike 0-1: Foul Ball, location: 2F 0-2: Ball 1-2: Ball 2-2: Foul Ball, location: 2F 2-2: Ball 3-2: Foul Ball, location: 2F 3-2: Foul Ball, location: 2F 3-2: Base on Balls Greg Olson to second
|
|
Batting: RHB Ell Roberson
|
0-0: Ball 1-0: Ball 2-0: Ball Wild Pitch! Greg Olson to third Buddy Bailey to second 3-0: Called Strike 3-1: Base on Balls
|
|
Batting: RHB Kelly Miller
|
0-0: Called Strike 0-1: Ball 1-1: Fly out, F3 (Popup, 34, EV 58.1 MPH)
|
|
Batting: SHB Mark Wiesler
|
0-0: Ball 1-0: Ball 2-0: Called Strike 2-1: Foul Ball, location: 2F 2-2: Foul Ball, location: 2F 2-2: SINGLE (Groundball, 4MD, EV 98.8 MPH) Greg Olson scores Buddy Bailey to third Ell Roberson to second Runner from 3rd tries for Home, SAFE, throw by CF to home
|
|
Batting: RHB Larry Reasonover
|
0-0: Foul Ball, location: 2F 0-1: Ball 1-1: Swinging Strike 1-2: Strikes out swinging
|
| Bottom of the 4th over - 2 runs, 2 hits, 0 errors, 2 left on base; Burlington 0 - Winston-Salem 3 |
| TOP OF THE 5TH |
|
Burlington Senators batting - Pitching for Winston-Salem Spirits : LHP Mike Foster
|
|
Batting: RHB Joseph Lorenz
|
0-0: Called Strike 0-1: Ball 1-1: Ball 2-1: Ball 3-1: Base on Balls
|
|
Batting: RHB Glenn Millhauser
|
0-0: Foul Ball, location: 2F 0-1: Swinging Strike 0-2: Ball 1-2: Ball 2-2: Fly out, F7 (Line Drive, 7D, EV 87.5 MPH) Runner from 1st tags up, SAFE at 2nd
|
|
Batting: LHB Jesus Sandoval
|
0-0: Ball 1-0: Foul Ball, location: 2F 1-1: SINGLE (Groundball, 5D, EV 94.4 MPH) Joseph Lorenz to third Runner from 3rd tries for Home, SAFE, throw by LF to home
|
|
Batting: RHB Ronnie Mears
|
0-0: Ball 1-0: Ball 2-0: Foul Ball, location: 2F 2-1: Swinging Strike 2-2: Grounds into double play, 5-4-3 (Groundball, 5, EV 78.8 MPH)
|
| Top of the 5th over - 1 run, 1 hit, 0 errors, 0 left on base; Burlington 1 - Winston-Salem 3 |
| BOTTOM OF THE 5TH |
|
Winston-Salem Spirits batting - Pitching for Burlington Senators : RHP Erik Hendricks
|
|
Batting: RHB Craig Robinson
|
0-0: Called Strike 0-1: Foul Ball, location: 2F 0-2: Ball 1-2: Ball 2-2: Ball 3-2: Foul Ball, location: 2F 3-2: Fly out, F9 (Flyball, 9, EV 84.4 MPH)
|
|
Batting: RHB Elijah Ben
|
0-0: Ball 1-0: Ball 2-0: Ball 3-0: Fly out, F8 (Line Drive, 8LD, EV 90.0 MPH)
|
|
Batting: LHB Jerome Coleman
|
0-0: Ball 1-0: Ground out 6-3 (Groundball, 6, EV 98.1 MPH)
|
| Bottom of the 5th over - 0 runs, 0 hits, 0 errors, 0 left on base; Burlington 1 - Winston-Salem 3 |
| TOP OF THE 6TH |
|
Burlington Senators batting - Pitching for Winston-Salem Spirits : LHP Mike Foster
|
|
Batting: RHB Brad Bauman
|
0-0: Ball 1-0: Called Strike 1-1: Ball 2-1: Ball 3-1: Fly out, F7 (Flyball, 7LD, EV 100.0 MPH)
|
|
Batting: RHB Raymond Bresnahan
|
0-0: Foul Ball, location: 2F 0-1: Ball 1-1: Ground out 5-3 (Groundball, 5, EV 97.5 MPH)
|
|
Batting: LHB Daniel Spain
|
0-0: Ball 1-0: Ball 2-0: Swinging Strike 2-1: Called Strike 2-2: Strikes out swinging
|
| Top of the 6th over - 0 runs, 0 hits, 0 errors, 0 left on base; Burlington 1 - Winston-Salem 3 |
| BOTTOM OF THE 6TH |
|
Winston-Salem Spirits batting - Pitching for Burlington Senators : RHP Erik Hendricks
|
|
Batting: RHB Greg Olson
|
0-0: Fly out, F8 (Line Drive, 8LM, EV 95.6 MPH)
|
|
Batting: RHB Buddy Bailey
|
0-0: Ball 1-0: Ball 2-0: Ball 3-0: Base on Balls
|
|
Batting: RHB Ell Roberson
|
0-0: Ball 1-0: Called Strike 1-1: Foul Ball, location: 2F 1-2: Ball 2-2: Ball 3-2: Strikes out swinging
|
|
Batting: RHB Kelly Miller
|
0-0: Hit by Pitch Buddy Bailey to second
|
|
Batting: SHB Mark Wiesler
|
0-0: Foul Ball, location: 2F 0-1: Foul Ball, location: 2F 0-2: Fielders Choice at 2nd, 5-4 (Groundball, 56, EV 103.1 MPH)
|
| Bottom of the 6th over - 0 runs, 0 hits, 0 errors, 2 left on base; Burlington 1 - Winston-Salem 3 |
| TOP OF THE 7TH |
|
Burlington Senators batting - Pitching for Winston-Salem Spirits : LHP Mike Foster
|
|
Batting: RHB Rick Schu
|
0-0: Called Strike 0-1: Ground out U3 (Groundball, 3, EV 83.8 MPH)
|
|
Batting: LHB John Skorochocki
|
0-0: Ball 1-0: Ball 2-0: Foul Ball, location: 2F 2-1: Ground out 4-3 (Groundball, 4, EV 106.9 MPH)
|
|
Batting: RHB Joseph Lorenz
|
0-0: Ball 1-0: SINGLE (Groundball, 13, EV 82.5 MPH) (infield hit)
|
|
Batting: RHB Glenn Millhauser
|
0-0: Ball 1-0: Ball 2-0: Ball 3-0: Called Strike 3-1: Base on Balls Joseph Lorenz to second
|
|
Batting: LHB Jesus Sandoval
|
0-0: Ball 1-0: Ball 2-0: Called Strike 2-1: Ball 3-1: Base on Balls Joseph Lorenz to third Glenn Millhauser to second
|
|
Pinch Hitting: RHB Richard Hertel
|
0-0: Ball 1-0: Called Strike 1-1: Foul Ball, location: 2F 1-2: Strikes out swinging
|
| Top of the 7th over - 0 runs, 1 hit, 0 errors, 3 left on base; Burlington 1 - Winston-Salem 3 |
| BOTTOM OF THE 7TH |
|
Winston-Salem Spirits batting - Pitching for Burlington Senators : RHP Erik Hendricks
|
|
Now at 3B: Richard Hertel
|
|
|
Batting: RHB Larry Reasonover
|
0-0: Ball 1-0: Called Strike 1-1: Fly out, F9 (Flyball, 9S, EV 92.5 MPH)
|
|
Batting: RHB Craig Robinson
|
0-0: Ball 1-0: Foul Ball, location: 2F 1-1: Foul Ball, location: 2F 1-2: Ground out 6-3 (Groundball, 6, EV 86.9 MPH)
|
|
Batting: RHB Elijah Ben
|
0-0: Ball 1-0: Ball 2-0: Ball 3-0: Base on Balls
|
|
Batting: LHB Jerome Coleman
|
0-0: Ball 1-0: Ground out 3-1 (Groundball, 13, EV 81.9 MPH)
|
| Bottom of the 7th over - 0 runs, 0 hits, 0 errors, 1 left on base; Burlington 1 - Winston-Salem 3 |
| TOP OF THE 8TH |
|
Burlington Senators batting - Pitching for Winston-Salem Spirits : LHP Mike Foster
|
|
Batting: RHB Brad Bauman
|
0-0: Called Strike 0-1: Ball 1-1: Called Strike 1-2: Ball 2-2: Foul Ball, location: 2F 2-2: Ball 3-2: Foul Ball, location: 2F 3-2: Fly out, F7 (Flyball, 7LS, EV 82.5 MPH)
|
|
Batting: RHB Raymond Bresnahan
|
0-0: Swinging Strike 0-1: Fly out, F9 (Flyball, 9D, EV 97.5 MPH)
|
|
Batting: LHB Daniel Spain
|
0-0: Ball 1-0: SINGLE (Line Drive, 6D, EV 103.8 MPH)
|
|
Batting: RHB Rick Schu
|
0-0: Ball 1-0: Called Strike 1-1: DOUBLE (Flyball, 8LXD, EV 106.3 MPH) Daniel Spain to third Runner from 3rd tries for Home, SAFE, no throw by CF
|
|
Batting: LHB John Skorochocki
|
0-0: Foul Ball, location: 2F 0-1: Ball 1-1: Ball 2-1: Ball 3-1: Fly out, F2 (Popup, 25F, EV 73.1 MPH)
|
| Top of the 8th over - 1 run, 2 hits, 0 errors, 1 left on base; Burlington 2 - Winston-Salem 3 |
| BOTTOM OF THE 8TH |
|
Winston-Salem Spirits batting - Pitching for Burlington Senators : RHP Erik Hendricks
|
|
Batting: RHB Greg Olson
|
0-0: Ball 1-0: Foul Ball, location: 2F 1-1: Ground out 6-3 (Groundball, 6, EV 103.1 MPH)
|
|
Batting: RHB Buddy Bailey
|
0-0: Ball 1-0: Called Strike 1-1: Ground out 5-3 (Groundball, 56, EV 107.5 MPH)
|
|
Batting: RHB Ell Roberson
|
0-0: Called Strike 0-1: Ball 1-1: Foul Ball, location: 2F 1-2: Ball 2-2: SINGLE (Line Drive, 89M, EV 101.9 MPH)
|
|
Batting: RHB Kelly Miller
|
0-0: Ball 1-0: Ball 2-0: Called Strike 2-1: Called Strike Ell Roberson steals 2nd base 2-2: SINGLE (Groundball, 3D, EV 104.4 MPH) Ell Roberson to third Runner from 3rd tries for Home, SAFE, throw by RF to home
|
|
Batting: SHB Mark Wiesler
|
0-0: Ball Wild Pitch! Kelly Miller to second 1-0: Foul Ball, location: 2F 1-1: Ball 2-1: Ground out 6-3 (Groundball, 6S, EV 87.5 MPH)
|
| Bottom of the 8th over - 1 run, 2 hits, 0 errors, 1 left on base; Burlington 2 - Winston-Salem 4 |
| TOP OF THE 9TH |
|
Burlington Senators batting - Pitching for Winston-Salem Spirits : LHP Mike Foster
|
|
Pitching: RHP Ray Williams
|
|
|
Batting: RHB Joseph Lorenz
|
0-0: Called Strike 0-1: Ball 1-1: Called Strike 1-2: Ball 2-2: Ball 3-2: Base on Balls
|
|
Batting: RHB Glenn Millhauser
|
0-0: Ball 1-0: Grounds into double play, 5-4-3 (Groundball, 5, EV 81.3 MPH)
|
|
Batting: LHB Jesus Sandoval
|
0-0: Ball 1-0: Called Strike 1-1: Ground out 6-3 (Groundball, 6, EV 81.9 MPH)
|
| Top of the 9th over - 0 runs, 0 hits, 0 errors, 0 left on base; Burlington 2 - Winston-Salem 4 |
|